 Dungeon Crawl Stone Soup version 0.25-a0-278-g06d2327 (webtiles) character file.

Game seed: 15672712908503491091, levelgen mode: deterministic

97330 DrEnzyme the Eclecticist (level 15, 0/81 HPs)
             Began as a Deep Elf Wanderer on Dec 8, 2019.
             Was a High Priest of Vehumet.
             Succumbed to a black mamba's poison
             ... on level 3 of the Snake Pit on Dec 9, 2019.
             The game lasted 03:08:33 (48223 turns).

DrEnzyme the Eclecticist (Deep Elf Wanderer)       Turns: 48223, Time: 03:08:33

Health: 0/81       AC: 20    Str:  7    XL:     15   Next: 71%
Magic:  8/41       EV: 35    Int: 23    God:    Vehumet [*****.]
Gold:   292        SH:  5    Dex: 17    Spells: 10/55 levels left

rFire    + + .     SeeInvis .   b - +3 Elemental Staff {rElec rF++ rC++ MR++ AC+5}
rCold    + + .     Gourm    .   B - +0 buckler
rNeg     . . .     Faith    .   D - +1 leather armour "Cyluakk" {*Contam rElec rPois rCorr}
rPois    +         Spirit   .   U - +2 hat
rElec    +         Reflect  .   T - +2 cloak
rCorr    +         Harm     .   k - +2 pair of gloves
MR       ++++.                  r - +2 pair of boots
Stlth    ++++......             I - amulet of the acrobat
HPRegen  0.23/turn              t - ring of protection from magic
MPRegen  0.27/turn              K - ring of wizardry

@: lethally poisoned (0 -> -28), acrobat
A: no striking features
a: Renounce Religion


You were on level 3 of the Snake Pit.
You worshipped Vehumet.
Vehumet was extremely pleased with you.
You were not hungry.

You visited 5 branches of the dungeon, and saw 26 of its levels.

You collected 3090 gold pieces.
You spent 2798 gold pieces at shops.

Inventory:

Hand Weapons
 a - a +4 rapier of holy wrath
 b - the +3 Elemental Staff (weapon) {rElec rF++ rC++ MR++ AC+5}
   (You bought it in a shop on level 2 of the Orcish Mines)

   It affects your AC (+5).
   It greatly protects you from fire.
   It greatly protects you from cold.
   It insulates you from electricity.
   It affects your resistance to hostile enchantments.
 p - the +3 quarterstaff of Breach {crush, rPois Dex+2, unknown}
   (You found it on level 13 of the Dungeon)

   It inflicts extra damage upon your enemies.
   It affects your dexterity (+2).
   It protects you from poison.
Missiles
 h - 23 poisoned darts (quivered)
 H - 7 curare-tipped darts
Armour
 k - a +2 pair of gloves (worn)
 o - the +1 robe "Igeduot" {rCorr Int+3 Dex-3}
   (You bought it in a shop on level 4 of the Dungeon)

   It affects your intelligence (+3).
   It affects your dexterity (-3).
   It provides partial protection from all sources of acid and corrosion.
 r - a +2 pair of boots (worn)
 B - a +0 buckler (worn)
 D - the +1 leather armour "Cyluakk" (worn) {*Contam rElec rPois rCorr}
   (You bought it in a shop on level 2 of the Orcish Mines)

   It insulates you from electricity.
   It protects you from poison.
   It causes magical contamination when unequipped.
   It provides partial protection from all sources of acid and corrosion.
 G - the +2 ring mail of Hedging {rElec SInv}
   (You found it on level 1 of the Snake Pit)

   It insulates you from electricity.
   It lets you see invisible.
 T - a +2 cloak (worn)
 U - a +2 hat (worn)
 Y - a +0 buckler of poison resistance
Jewellery
 d - an uncursed ring of positive energy
 s - an uncursed ring of ice
 t - a ring of protection from magic (left hand)
 I - an amulet of the acrobat (around neck)
 K - a ring of wizardry (right hand)
Wands
 m - a wand of polymorph (12)
 y - a wand of scattershot (8)
 R - a wand of digging (7)
 V - a wand of disintegration (9)
 X - a wand of acid (11)
Scrolls
 c - 9 scrolls of teleportation
 l - a scroll of enchant weapon
 n - a scroll of fog
 u - 2 scrolls of enchant armour
 x - 3 scrolls of silence
 z - a scroll of brand weapon
 A - 3 scrolls of summoning
 C - 2 scrolls of amnesia
 P - 5 scrolls of remove curse
 Q - a scroll of fear
 S - a scroll of magic mapping
Potions
 e - 6 potions of brilliance
 g - 5 potions of flight
 i - a potion of heal wounds
 j - a potion of cancellation
 q - a potion of haste
 v - 12 potions of curing
 w - a potion of resistance
 E - a potion of ambrosia {unknown}
 F - a potion of mutation {unknown}
 L - 2 potions of might
 O - 2 potions of magic
 W - 2 potions of agility
 Z - a potion of invisibility {unknown}
Miscellaneous
 N - a crystal ball of energy
Comestibles
 f - 22 rations


   Skills:
 - Level 4.8 Fighting
 - Level 6.6 Short Blades
 + Level 6.1 Staves
 * Level 3.0 Armour
 * Level 11.8 Dodging
 - Level 10.0 Stealth
 - Level 4.0 Shields
 * Level 20.8 Spellcasting
 + Level 11.0 Conjurations
 - Level 9.3 Hexes
 * Level 9.5 Fire Magic
 - Level 3.4 Earth Magic
 - Level 1.1 Evocations


You had 10 spell levels left.
You knew the following spells:

 Your Spells              Type           Power        Failure   Level  Hunger
a - Ensorcelled Hibernat  Hex/Ice        ######       1%          2    None
b - Bolt of Magma         Conj/Fire/Erth #######...   1%          5    None
c - Confuse               Hex            ######..     1%          3    None
e - Tukima's Dance        Hex            ######..     1%          3    None
f - Apportation           Tloc           ###...       1%          1    None
g - Confusing Touch       Hex            ######       1%          1    None
h - Animate Skeleton      Necr           N/A          1%          1    None
j - Iron Shot             Conj/Erth      ######....   2%          6    ###....
k - Fireball              Conj/Fire      #######...   1%          5    None
l - Ignition              Fire           #######...   34%         8    ######.
m - Irradiate             Conj/Tmut      #####.....   1%          5    None
n - Iskenderun's Battles  Conj/Chrm      #####...     1%          5    None

Your spell library contained the following spells:

 Spells                   Type           Power        Failure   Level  Hunger
 Freezing Cloud           Conj/Ice/Air   #######...   11%         6    ###....
 Beastly Appendage        Tmut           ###...       1%          1    None
 Corona                   Hex            ######.      1%          1    None
 Freeze                   Ice            ####         1%          1    None
 Sandblast                Erth           ######       1%          1    None
 Summon Small Mammal      Summ           ###.         1%          1    None
 Corpse Rot               Necr/Air       N/A          1%          2    None
 Slow                     Hex            ######..     1%          2    None
 Sticks to Snakes         Tmut           ###.....     1%          2    None
 Sublimation of Blood     Necr           ###.......   1%          2    None
 Conjure Flame            Conj/Fire      #######.     1%          3    None
 Dazzling Flash           Conj/Hex       ######       1%          3    None
 Inner Flame              Hex/Fire       #######.     1%          3    None
 Mephitic Cloud           Conj/Pois/Air  ######..     1%          3    None
 Portal Projectile        Hex/Tloc       #####.       1%          3    None
 Stone Arrow              Conj/Erth      ######       1%          3    None
 Cause Fear               Hex            ######....   1%          4    None
 Leda's Liquefaction      Hex/Erth       ######....   1%          4    None
 Lightning Bolt           Conj/Air       ######....   1%          5    None
 Yara's Violent Unravell  Hex/Tmut       #####.....   1%          5    None
 Gell's Gravitas          Tloc           ###.......   3%          3    None
 Spider Form              Tmut/Pois      ###.......   3%          3    None
 Orb of Destruction       Conj           ######....   3%          7    #####..
 Silence                  Hex/Air        ######....   4%          5    None
 Conjure Ball Lightning   Conj/Air       ######....   5%          6    ###....
 Ice Form                 Ice/Tmut       #####...     11%         4    None
 Summon Lightning Spire   Summ/Air       #####...     11%         4    None
 Spellforged Servitor     Conj/Summ      #####.....   24%         7    #####..
 Agony                    Necr           ###.....     28%         5    None
 Blade Hands              Tmut           ###.......   28%         5    None
 Dispel Undead            Necr           ###.....     28%         5    None
 Excruciating Wounds      Chrm/Necr      ###.......   28%         5    None
 Statue Form              Tmut/Erth      #####....    58%         6    ###....
 Discord                  Hex            ######....   80%         8    ######.
 Deflect Missiles         Chrm/Air       #####.....   82%         6    ###....
 Dispersal                Tloc           ###.......   82%         6    ###....
 Controlled Blink         Tloc           N/A          100%        8    ######.
 Disjunction              Tloc           ###.......   100%        8    ######.
 Shatter                  Erth           ######....   100%        9    #######
 Tornado                  Air            #####.....   100%        9    #######


Dungeon Overview and Level Annotations

Branches:
Dungeon (14/15)            Temple (1/1) D:4            Lair (5/6) D:9
 Shoals (0/4) Lair:2        Snake (4/4) Lair:4          Orc (2/2) D:9
    Elf (0/3) Orc:2
  Slime: Lair:5-6    Vaults: D:13-14

Altars:
Ashenzari
Cheibriados
Elyvilon
Fedhas
Gozag
Hepliaklqana
Makhleb
Qazlal
Sif Muna
Trog
Uskayaw
Vehumet
Wu Jian
Yredelemnul
Zin
The Shining One
Beogh

Shops:
D:4 [   Orc:2 ([[*   Snake:3 (   Snake:4 !=

Portals:
Trove: D:13 (give +6 demon trident)

Annotations:
D:13 1 exclusion
Lair:1 3 runed translucent doors, exclusion: 3 doors, Guenter's ghost, journeyman VSWn
Lair:2 exclusion: 4 elephants
Lair:3 exclusion: downstairs
Lair:5 exclusion: 4 oklob plants, Rupert
Snake:2 exclusion: downstairs, Frances
Snake:3 Saint Roka
Snake:4 1 exclusion


Message History

Aim: a black mamba (almost dead, chance to defeat MR: 72%)
You feel a surge of power!
The black mamba looks drowsy...
* * * LOW HITPOINT WARNING * * *
You feel very sick. The anaconda bites you.
* * * LOW HITPOINT WARNING * * *
The anaconda constricts you.
The anaconda bites you but does no damage.
The anaconda constricts you.
You feel much better.
* * * LOW HITPOINT WARNING * * *
You feel very sick. The anaconda bites you!
* * * LOW HITPOINT WARNING * * *
The anaconda constricts you. The anaconda bites you.
* * * LOW HITPOINT WARNING * * *
x2 The anaconda constricts you.
Okay, then.
You escape the anaconda's grasp.
You die...

#...#........# #....
#...##.#...##### #....
#......#......##.#....
#....#........##.....(
##....#........####.#..
#.....#...##.######.##.
#.#...######.#....#.##.
#.....S>####).....#.###
#.....@S....#..........
#...........#.......... #
#...........##......... ###
##...#....##........###
..###### #...#....##.....#..#
#......#########...........##.#
######...).[...|)....###...##.#
######.....#.....##...##.##
#...#.........[.##...#


You could see an anaconda and a black mamba.

Vanquished Creatures
  Kirke (D:13)
  3 nagarajas
  2 green deaths
  6 naga warriors
  6 hydras
  4 anacondas
  3 centaur warriors (D:13)
  4 two-headed ogres
  An ogre mage (Orc:1)
  4 naga sharpshooters
  7 shock serpents
  Sonja (D:10)
  3 skeletal warriors (D:13)
  2 salamander mystics
  6 naga ritualists
  An unseen horror (D:11)
  2 ugly things (D:12)
  A mana viper (Snake:4)
  A phantasmal warrior (D:13)
  7 orc knights
  2 orc sorcerers
  An oklob plant (Orc:2)
  A cyclops (D:11)
  6 salamanders
  2 centaur zombies
  Joseph (D:7)
  2 guardian serpents
  A gargoyle (D:14)
  10 naga magi
  2 spiny frogs
  29 black mambas
  2 rime drakes
  3 kobold demonologists
  3 komodo dragons
  2 tengu conjurers (D:12)
  3 trolls
  A queen bee (D:10)
  2 hornets
  5 blink frogs
  Grinder (D:5)
  8 dream sheep
  7 hippogriffs
  15 flying skulls (D:13)
  2 wyverns
  2 hogs (D:13)
  Eustachio (D:6)
  2 hungry ghosts
  2 vampire mosquitoes (D:12)
  2 basilisks
  38 yaks
  35 nagas
  10 wargs
  A soldier ant (D:13)
  9 water moccasins
  5 porcupines
  2 ice beasts
  37 orc warriors
  3 sky beasts
  2 black bears
  3 phantoms
  2 eyes of draining
  6 necrophages (Lair:3)
  9 ogres
  A tengu (shapeshifter) (D:13)
  A centaur (D:10)
  17 crocodiles
  3 big kobolds (D:10)
  8 bullfrogs
  A wyvern skeleton (D:13)
  A water moccasin skeleton (D:7)
  A scorpion (D:5)
  4 wights (D:6)
  28 killer bees
  5 electric eels
  5 howler monkeys
  6 crimson imps
  A bullfrog zombie (D:11)
  5 jellies
  2 lava snakes (Lair:1)
  A quasit (D:11)
  3 bullfrog skeletons
  3 centaur skeletons
  9 hounds
  19 orc wizards
  15 orc priests
  A gnoll shaman (D:4)
  7 worker ants
  A killer bee zombie (D:9)
  A howler monkey zombie (D:11)
  8 adders
  9 gnolls
  2 worms
  3 dart slugs
  5 leopard geckos
  85 orcs
  A ball python (D:2)
  3 bats
  3 giant cockroaches
  8 goblins
  9 hobgoblins
  2 jackals (D:1)
  11 kobolds
  4 quokkas
  3 frilled lizards
  A leopard gecko zombie (D:8)
  2 quokka skeletons
  11 rats
  A butterfly (Lair:1)
667 creatures vanquished.

Vanquished Creatures (collateral kills)
  2 two-headed ogres (Orc:1)
  3 salamanders
  A yak (Lair:1)
  Edmund (D:6)
  2 nagas (Lair:4)
  9 orc warriors
  An ogre (Orc:2)
  Blork the orc (D:6)
  A wight (D:6)
  3 orc wizards
  An orc priest (Orc:2)
  A gnoll (D:7)
  16 orcs
42 creatures vanquished.

Vanquished Creatures (others)
  2 humans (D:13)
  14 dancing weapons
  A scorpion (D:13)
  2 orc priests (D:13)
  An orc wizard (D:13)
  A ball lightning (Snake:4)
  22 foxfires
  9 fungi
  5 plants
57 creatures vanquished.

Grand Total: 766 creatures vanquished

Notes
Turn   | Place    | Note
-------+----------+-------------------------------------------
     0 | D:1      | DrEnzyme the Deep Elf Wanderer began the quest for the Orb.
     0 | D:1      | DrEnzyme set off with the following items: a +2 short
                  | sword, a potion of curing, a scroll of teleportation, a +0
                  | robe, a +0 dagger, a ration
     0 | D:1      | Reached XP level 1. HP: 15/15 MP: 3/3
   154 | D:1      | Reached XP level 2. HP: 19/20 MP: 4/4
   983 | D:2      | Reached skill level 1 in Spellcasting
   983 | D:2      | Reached XP level 3. HP: 13/24 MP: 6/6
  1333 | D:2      | HP: 1/24 [poisoned by an adder]
  1838 | D:2      | Found a faded altar of an unknown god.
  2643 | D:3      | Reached XP level 4. HP: 30/30 MP: 8/8
  3012 | D:3      | Found an ornate altar of the Wu Jian Council.
  3065 | D:4      | Found Eplaruge's Antique Armour Shoppe.
  3437 | D:4      | Learned a level 2 spell: Ensorcelled Hibernation
  3439 | D:4      | Learned a level 1 spell: Corona
  3597 | D:4      | Found a staircase to the Ecumenical Temple.
  3611 | Temple   | Entered the Ecumenical Temple
  3713 | Temple   | Became a worshipper of Vehumet
  3848 | D:4      | Bought a faintly glowing robe for 165 gold pieces
  3858 | D:4      | Identified the +1 robe "Igeduot" {rCorr Int+3 Dex-3} (You
                  | bought it in a shop on level 4 of the Dungeon)
  4053 | D:4      | Reached skill level 2 in Spellcasting
  4053 | D:4      | Reached XP level 5. HP: 34/34 MP: 8/10
  4071 | D:4      | Reached skill level 1 in Hexes
  4376 | D:4      | Found a glowing silver altar of Zin.
  4636 | D:5      | Entered Level 5 of the Dungeon
  4709 | D:5      | Reached skill level 5 in Stealth
  4713 | D:5      | Noticed a phantom
  4782 | D:5      | Reached XP level 6. HP: 35/40 MP: 8/12
  4840 | D:5      | Learned a level 3 spell: Confuse
  4844 | D:5      | Learned a level 3 spell: Dazzling Flash
  4869 | D:5      | Noticed Grinder
  5029 | D:5      | Reached skill level 3 in Spellcasting
  6619 | D:3      | Reached XP level 7. HP: 44/44 MP: 14/14
  6887 | D:5      | Learned a level 3 spell: Tukima's Dance
  7385 | D:6      | Reached skill level 4 in Spellcasting
  7403 | D:6      | Reached skill level 1 in Conjurations
  7472 | D:6      | Noticed Eustachio
  7478 | D:6      | Killed Eustachio
  8067 | D:6      | Noticed Edmund
  8076 | D:6      | Killed Edmund
  8167 | D:6      | Reached skill level 5 in Spellcasting
  8413 | D:6      | Reached XP level 8. HP: 48/48 MP: 9/17
  8659 | D:6      | Noticed Blork the orc
  8666 | D:6      | Killed Blork the orc
  8683 | D:6      | Found a blossoming altar of Fedhas.
  8724 | D:6      | Reached * piety under Vehumet
  8724 | D:6      | Offered knowledge of Freeze by Vehumet.
  9786 | D:5      | Reached skill level 5 in Dodging
  9786 | D:5      | Reached skill level 5 in Hexes
 10073 | D:5      | Found an opulent altar of Gozag.
 10300 | D:5      | Reached skill level 6 in Spellcasting
 10384 | D:5      | Noticed a moth of wrath
 10386 | D:5      | Found a bloodstained altar of Trog.
 11480 | D:7      | Noticed Joseph
 11738 | D:7      | Found a hazy altar of Hepliaklqana.
 11927 | D:8      | Found a burning altar of Makhleb.
 12233 | D:8      | Found a hide-covered altar of Uskayaw.
 12259 | D:8      | Got a bloodstained chain mail
 12996 | D:5      | Killed Grinder
 12996 | D:5      | Reached skill level 7 in Spellcasting
 12996 | D:5      | Reached XP level 9. HP: 53/53 MP: 21/21
 12999 | D:5      | Learned a level 1 spell: Freeze
 13462 | D:8      | Reached skill level 8 in Spellcasting
 14042 | D:9      | Found a staircase to the Lair.
 15050 | D:10     | Entered Level 10 of the Dungeon
 15122 | D:10     | Noticed Sonja
 15565 | D:10     | Learned a level 1 spell: Apportation
 15567 | D:10     | Learned a level 1 spell: Confusing Touch
 15569 | D:10     | Learned a level 1 spell: Animate Skeleton
 15757 | D:10     | Offered knowledge of Foxfire by Vehumet.
 15904 | D:9      | Learned a level 1 spell: Foxfire
 15945 | D:10     | Reached ** piety under Vehumet
 16031 | D:10     | Reached skill level 9 in Spellcasting
 16037 | D:10     | Reached XP level 10. HP: 46/58 MP: 12/25
 16330 | D:9      | HP: 1/58 [yak (18)]
 16334 | D:9      | Found a staircase to the Orcish Mines.
 16682 | D:9      | Identified the +3 chain mail of the Peculiar Orbs {-Cast
                  | +Blink rC++ Stlth+} (You found it on level 8 of the
                  | Dungeon)
 16709 | Orc:1    | Entered Level 1 of the Orcish Mines
 16901 | Orc:2    | Entered Level 2 of the Orcish Mines
 17063 | Lair:1   | Entered Level 1 of the Lair of Beasts
 17083 | Lair:1   | Noticed a five-headed hydra
 17117 | Lair:1   | Noticed a spiny frog
 17118 | Lair:1   | Killed a spiny frog
 17139 | Lair:1   | Noticed a black mamba
 17344 | Lair:1   | Reached skill level 5 in Conjurations
 17350 | Lair:1   | Reached skill level 10 in Stealth
 17350 | Lair:1   | Reached skill level 10 in Spellcasting
 17581 | Lair:1   | Killed a black mamba
 17591 | Lair:1   | Learned a level 6 spell: Iron Shot
 17616 | Lair:1   | Noticed a six-headed hydra
 17794 | Lair:1   | Reached skill level 1 in Earth Magic
 17925 | Lair:1   | Found a runed translucent gate.
 17925 | Lair:1   | Found a runed translucent gate.
 17925 | Lair:1   | Found a runed translucent gate.
 17925 | Lair:1   | Noticed Guenter's ghost (journeyman VSWn)
 18332 | Lair:2   | Offered knowledge of Ignite Poison by Vehumet.
 18332 | Lair:2   | Reached skill level 1 in Shields
 18461 | Lair:2   | Noticed an elephant
 18489 | Lair:2   | Noticed a spiny frog
 18632 | Lair:2   | Reached skill level 11 in Spellcasting
 18699 | Lair:2   | Found a staircase to the Shoals.
 18957 | Lair:2   | Noticed an elephant
 18960 | Lair:2   | Noticed an elephant
 19144 | Lair:3   | Reached XP level 11. HP: 38/62 MP: 25/28
 19295 | Lair:3   | You fall into a shaft and drop 2 floors!
 19318 | Lair:4   | Reached skill level 5 in Short Blades
 19687 | Lair:2   | Reached *** piety under Vehumet
 19717 | Lair:2   | Learned a level 2 spell: Slow
 19721 | Lair:2   | Learned a level 3 spell: Inner Flame
 19727 | Lair:2   | Learned a level 5 spell: Bolt of Magma
 20044 | Lair:2   | Identified the Reference Book on the Mountains and the
                  | Arsonist (You found it on level 2 of the Lair of Beasts)
 20651 | Lair:3   | Noticed a five-headed hydra
 20805 | Lair:3   | Reached skill level 12 in Spellcasting
 20900 | Lair:2   | Learned a level 5 spell: Fireball
 21598 | Lair:3   | Killed a five-headed hydra
 22119 | Lair:3   | Offered knowledge of Iskenderun's Mystic Blast by Vehumet.
 22119 | Lair:3   | Reached skill level 13 in Spellcasting
 22341 | Lair:3   | Reached skill level 1 in Fire Magic
 23925 | Lair:4   | Reached XP level 12. HP: 68/68 MP: 18/31
 24338 | Lair:4   | Reached skill level 14 in Spellcasting
 24378 | Lair:4   | Noticed a five-headed hydra
 24395 | Lair:4   | Killed a five-headed hydra
 24486 | Lair:4   | Found a staircase to the Snake Pit.
 24551 | Lair:4   | Identified Sif Muna's Grimoire of Freezing Combat Magic
 25133 | D:10     | Killed Sonja
 25624 | D:11     | Reached **** piety under Vehumet
 25673 | D:11     | Offered knowledge of Sticky Flame by Vehumet.
 25769 | D:11     | Found the +6 lightning scales {run, rElec}
 26481 | D:7      | Killed Joseph
 26764 | Orc:1    | Reached skill level 15 in Spellcasting
 26932 | Orc:1    | Noticed a two-headed ogre
 26933 | Orc:1    | Noticed a two-headed ogre
 27072 | Orc:1    | Killed a two-headed ogre
 27074 | Orc:1    | Noticed an ogre mage
 27077 | Orc:1    | Noticed a two-headed ogre
 27080 | Orc:1    | Noticed a two-headed ogre
 27086 | Orc:2    | Killed a two-headed ogre
 27399 | Orc:2    | Found a roughly hewn altar of Beogh.
 27623 | Orc:2    | Reached ***** piety under Vehumet
 27688 | Orc:2    | Offered knowledge of Starburst by Vehumet.
 28516 | Orc:2    | Found Efiyzuchi's Weapon Emporium.
 28516 | Orc:2    | Found Huduejippu's Armour Shop.
 28553 | Orc:2    | Bought the +3 Elemental Staff {rElec rF++ rC++ MR++ AC+5}
                  | for 1518 gold pieces
 28553 | Orc:2    | Found the +3 Elemental Staff {rElec rF++ rC++ MR++ AC+5}
 28722 | Orc:2    | Reached skill level 16 in Spellcasting
 28974 | Orc:2    | Reached XP level 13. HP: 43/72 MP: 16/35
 29408 | Orc:2    | Reached skill level 1 in Staves
 29415 | Orc:2    | Found a roughly hewn altar of Beogh.
 29426 | Orc:2    | Found Raomusav's Armour Emporium.
 29426 | Orc:2    | Found Toerph's Assorted Antiques.
 29485 | Orc:2    | Bought a fizzy red potion for 28 gold pieces
 29485 | Orc:2    | Bought a scroll labeled FOLON PUCWO for 32 gold pieces
 30021 | Orc:2    | Found a staircase to the Elven Halls.
 30071 | Orc:2    | Offered knowledge of Lee's Rapid Deconstruction by Vehumet.
 30759 | Orc:1    | You fall into a shaft and drop 1 floor!
 31671 | Orc:2    | Bought the cursed +1 leather armour "Cyluakk" {*Contam
                  | rElec rPois rCorr} for 377 gold pieces
 31845 | D:10     | Reached skill level 17 in Spellcasting
 32449 | D:12     | Reached skill level 5 in Fire Magic
 33132 | D:12     | Reached skill level 10 in Dodging
 34321 | D:13     | Noticed a fire dragon
 34460 | D:13     | Got a smoking quarterstaff
 35043 | D:13     | Found a portal to a secret trove of treasure.
 35293 | Lair:1   | Reached skill level 18 in Spellcasting
 36181 | Lair:5   | Noticed Rupert
 36459 | Lair:5   | Reached XP level 14. HP: 57/76 MP: 16/38
 36576 | Lair:5   | Upgraded the game from 0.25-a0-273-g5ba6e9a to
                  | 0.25-a0-278-g06d2327
 36612 | Snake:1  | Entered Level 1 of the Snake Pit
 37507 | Snake:1  | Found a runed translucent door.
 38553 | Snake:1  | Got a shimmering ring mail
 38728 | Snake:1  | Identified the +2 ring mail of Hedging {rElec SInv} (You
                  | found it on level 1 of the Snake Pit)
 39189 | Snake:1  | Reached skill level 19 in Spellcasting
 39813 | Snake:1  | Reached skill level 10 in Conjurations
 40160 | Snake:2  | Learned a level 8 spell: Ignition
 40173 | Snake:2  | Noticed Frances
 40617 | Orc:2    | Bought a marble ring for 160 gold pieces
 40617 | Orc:2    | Bought a scroll of teleportation for 96 gold pieces
 40617 | Orc:2    | Bought 2 potions of curing for 192 gold pieces
 40932 | D:10     | Offered knowledge of Irradiate by Vehumet.
 41024 | D:10     | Learned a level 5 spell: Irradiate
 41161 | D:13     | Noticed Kirke
 41170 | D:13     | Killed Kirke
 41509 | D:13     | Found the +3 giant club "Skullcrusher" {speed, Str+7}
 41620 | D:13     | Reached skill level 5 in Staves
 41641 | D:13     | Reached skill level 1 in Armour
 42734 | D:12     | Learned a level 5 spell: Iskenderun's Battlesphere
 43040 | Snake:2  | Reached XP level 15. HP: 81/81 MP: 25/40
 43390 | Snake:2  | Noticed a nagaraja
 43398 | Snake:2  | Killed a nagaraja
 44341 | Snake:2  | Reached skill level 20 in Spellcasting
 44619 | Snake:3  | Found a glowing silver altar of Zin.
 44836 | Snake:3  | Noticed a nagaraja
 44837 | Snake:3  | Noticed a nagaraja
 44887 | Snake:3  | Offered knowledge of Freezing Cloud by Vehumet.
 45478 | Snake:3  | Found Ecrir's Weapon Emporium.
 45570 | Snake:4  | Entered Level 4 of the Snake Pit
 45570 | Snake:4  | Found Nuvvuz's Jewellery Shop.
 45797 | Snake:3  | Noticed Saint Roka
 46186 | Snake:3  | Killed a nagaraja
 46368 | Snake:3  | Killed a nagaraja
 47880 | Snake:4  | Found Yneganwe's Distillery.
 47883 | Snake:4  | Bought a potion of cancellation for 80 gold pieces
 47883 | Snake:4  | Bought a potion of curing for 30 gold pieces
 47883 | Snake:4  | Bought a potion of agility for 40 gold pieces
 47883 | Snake:4  | Bought a potion of magic for 80 gold pieces
 48221 | Snake:3  | HP: 4/81 [poisoned by a black mamba]
 48223 | Snake:3  | Succumbed to a black mamba's poison

Levels and vault maps discovered:
D:1:      minmay_arrival_semitransparent, layout_loops_cross
D:2:      layout_loops_corners, chequers_ecumenical_altar_simple
D:3:      layout_basic, overflow_temple_1_default, kennysheep_another_room
D:4:      layout_loops_ring, kennysheep_mini, minmay_temple_entry_glass,
          serial_shops, shop
D:5:      layout_basic, nicolae_overflow_crystal_walls, first_ration, tgw_trog,
          uniq_grinder
D:6:      layout_layer_cave, fedhas_altar_3, uniq_edmund, uniq_blork_the_orc,
          uniq_eustachio
D:7:      layout_gridville, lemuel_coloured_pillars_altar, uniq_joseph
D:8:      minmay_goldmine, layout_gridville, lemuel_round_altar,
          kennysheep_mini_moat
D:9:      layout_basic, lair_entry_dummy, orc_0_dummy
D:10:     layout_roguey [special_room_bee], hangedman_ranch
          [blue_anna_fruit_fields], kennysheep_decorative_pillar, uniq_sonja
D:11:     layout_rooms
D:12:     layout_rooms, serial_co_window_serial, co_window_of_opportunity_a,
          co_window_of_opportunity_a, co_window_paths_b, co_window_cross_1,
          co_window_paths_a, co_window_paths_a, co_window_corner_b,
          co_window_2corner, co_window_broadway_a, co_window_unsneaky_path_d,
          co_window_of_opportunity_b, co_window_of_opportunity_c,
          co_window_of_opportunity_b, co_window_paths_d, co_window_paths_e,
          glass_columns_c, glass_columns_a, glass_columns_c, glass_columns_a
D:13:     layout_roguey, david_vaults_4, nicolae_trove_entry_crystal,
          minmay_guarded_unrand_skullcrusher, uniq_kirke
D:14:     layout_small_grid, hangedman_abyss_or_decor_passed,
          chequers_serial_rivers_marsh
Temple:   regret_index_temple_generic_petals
Lair:1:   layout_gridlike, ebering_ghost_rock_garden,
          nicolae_lair_grove_arrangements, fungi_pond_lemuel, disabler_island,
          lemuel_fruit_fields
Lair:2:   layout_gridlike, elwin_shoals_entry_rocks
Lair:3:   layout_chaotic_city, roderic_carrion_pond,
          infiniplex_staircase_pool_2, grunt_megastairs_2
Lair:4:   layout_hall_layers, minmay_snake_entry_guardpost_small
Lair:5:   layout_loops_ring, dpeg_slime_entry_enclosed_altar,
          beast_lair_carwin_5, lemuel_fruit_tree, minmay_lair_oklob_chamber,
          uniq_rupert
Snake:1:  cheibrodos_toxic_ritual, layout_rooms
Snake:2:  layout_chambers, nicolae_coiled_stairwell_down, uniq_frances
Snake:3:  layout_misc_corridors, basic_altar, serial_shops, nicolae_shop_trees,
          drop_trap, uniq_saint_roka
Snake:4:  snake_pit, layout_onion_interference, serial_shops, shop,
          nicolae_shop_behind_doors, minmay_shop_enchanted_jewellery, drop_trap,
          serial_bayou_shore_b, uniq_aizul
Orc:1:    layout_diamond_mine
Orc:2:    st_orc_town, layout_diamond_mine, basic_altar, mines3_lemuel

Skill      XL: |  1  2  3  4  5  6  7  8  9 10 11 12 13 14 15 |
---------------+----------------------------------------------+-----
Stealth        | 3 4 5 7 9 10 | 10.0
Spellcasting   | 1 2 3 5 7 9 11 13 16 18 19 20 | 20.8
Dodging        | 2 3 4 5 6 7 8 9 10 11 | 11.8
Hexes          | 1 2 4 6 8 9 |  9.3
Conjurations   | 1 3 4 5 6 7 9 10 11 | 11.0
Short Blades   | 2 3 4 5 6 |  6.6
Earth Magic    | 2 3 |  3.4
Shields        | 1 3 4 |  4.0
Fire Magic     | 1 3 5 8 9 |  9.5
Staves         | 3 5 6 |  6.1
Armour         | 1 3 |  3.0
Fighting       | |  4.8
Evocations     | |  1.1

Action                   |  1- 3 |  4- 6 |  7- 9 | 10-12 | 13-15 || total
-------------------------+-------+-------+-------+-------+-------++-------
Melee: Short sword       |   107 |   136 |     5 |       |       ||   248
       Rapier            |       |       |   256 |   399 |   250 ||   905
       Staff             |       |       |       |     6 |    34 ||    40
Throw: Dart              |    27 |    60 |    53 |    56 |    11 ||   207
 Cast: Ensorcelled Hiber |       |    15 |    65 |   211 |   140 ||   431
       Dazzling Flash    |       |    17 |     3 |    10 |       ||    30
       Confuse           |       |     3 |     5 |    48 |     5 ||    61
       Tukima's Dance    |       |       |    51 |    53 |    36 ||   140
       Foxfire           |       |       |     5 |     6 |       ||    11
       Confusing Touch   |       |       |     5 |     3 |       ||     8
       Apportation       |       |       |       |     8 |     2 ||    10
       Fireball          |       |       |       |    22 |     5 ||    27
       Bolt of Magma     |       |       |       |    18 |   354 ||   372
       Iron Shot         |       |       |       |     1 |    42 ||    43
       Iskenderun's Batt |       |       |       |       |     3 ||     3
Evoke: Wand              |       |       |       |     8 |     5 ||    13
  Use: Potion            |     3 |     1 |     1 |     4 |     4 ||    13
       Scroll            |     2 |     5 |    12 |    13 |    16 ||    48
 Stab: Sleeping          |     7 |     9 |    40 |   116 |    77 ||   249
       Invisible         |       |     4 |     2 |     4 |       ||    10
       Distracted        |       |       |     3 |     1 |     1 ||     5
       Confused          |       |       |     5 |    20 |     2 ||    27
  Eat: Chunk             |     5 |     6 |    16 |    21 |    22 ||    70
       Ration            |       |     3 |     5 |     6 |    12 ||    26
Armor: Robe              |    15 |    34 |    46 |   111 |    51 ||   257
       Leather armour    |       |       |       |       |    60 ||    60
Dodge: Dodged            |    80 |   142 |   175 |   369 |   366 ||  1132
Block: Buckler           |       |       |       |     8 |   102 ||   110

Table legend:
 A = Non-vault XP
 B = Vault XP
 C = Vault XP percentage of total XP
 D = Non-vault monster count
 E = Vault monster count
 F = Vault count percentage of total count
                 A         B        C        D         E       F
            +---------+---------+-------+---------+---------+-------
      Total |  106175 |   32868 |  23.6 |     535 |     173 |  24.4
            +---------+---------+-------+---------+---------+-------
        D:1 |      25 |       0 |   0.0 |      14 |       0 |   0.0
        D:2 |     136 |       0 |   0.0 |      29 |       0 |   0.0
        D:3 |     141 |       0 |   0.0 |      20 |       0 |   0.0
        D:4 |     316 |       0 |   0.0 |      18 |       0 |   0.0
        D:5 |     547 |     272 |  33.2 |      17 |       1 |   5.6
        D:6 |     432 |     373 |  46.3 |      16 |       3 |  15.8
        D:7 |     307 |     460 |  60.0 |       8 |       1 |  11.1
        D:8 |     526 |     501 |  48.8 |      13 |      11 |  45.8
        D:9 |    1203 |       0 |   0.0 |      16 |       0 |   0.0
       D:10 |    2819 |    4836 |  63.2 |      21 |      35 |  62.5
       D:11 |    2864 |       0 |   0.0 |      31 |       0 |   0.0
       D:12 |    5364 |       0 |   0.0 |      30 |       0 |   0.0
       D:13 |    7268 |    8837 |  54.9 |      20 |      23 |  53.5
       D:14 |    1201 |       0 |   0.0 |       5 |       0 |   0.0
     Lair:1 |    5072 |     391 |   7.2 |      18 |       5 |  21.7
     Lair:2 |    4024 |       0 |   0.0 |      19 |       0 |   0.0
     Lair:3 |    5537 |    1052 |  16.0 |      23 |       8 |  25.8
     Lair:4 |    6830 |    2662 |  28.0 |      24 |       6 |  20.0
     Lair:5 |    3007 |     378 |  11.2 |      14 |       1 |   6.7
    Snake:1 |   12343 |    4285 |  25.8 |      28 |       9 |  24.3
    Snake:2 |    9994 |     436 |   4.2 |      19 |       1 |   5.0
    Snake:3 |   18793 |     691 |   3.5 |      35 |      13 |  27.1
    Snake:4 |    8132 |     153 |   1.8 |      13 |       1 |   7.1
      Orc:1 |    5460 |     583 |   9.6 |      50 |       4 |   7.4
      Orc:2 |    3834 |    6958 |  64.5 |      34 |      51 |  60.0
            +---------+---------+-------+---------+---------+-------
